Get step-by-step instructions on how to execute this build order below. Start the game timer, and the build order will tick by so you can play in parallel with StarCraft on a second screen or mobile device.

Game Time

  0:00

Last Step

  N/A

Next Step

  12  0:00  SCV  

Upcoming Step

  13  0:13  SCV  

Don't want to look back and forth between 2 screens? Try out our Overwolf App, the Spawning Tool Build Advisor to get an in-game overlay with this build!

Complete Build Order

  12  0:00  SCV  
  13  0:13  SCV  
  14  0:19  Supply Depot  
  14  0:25  SCV  
  15  0:31  Refinery  
  15  0:41  SCV  
  16  0:48  Barracks  
  16  0:53  SCV  
  17  1:05  SCV  
  18  1:17  SCV  
  19  1:36  Marine  
  19  1:39  Supply Depot, Orbital Command  
  20  1:41  Factory  
  20  1:52  Barracks  
  20  1:55  Marine  
  21  2:04  SCV  
  22  2:13  Barracks Tech Lab  
  22  2:16  SCV  
  22  2:22  Supply Depot  
  23  2:25  Hellion  
  25  2:31  Concussive Shells  
  25  2:32  Marauder  
  27  2:40  Barracks Tech Lab  
  27  2:46  Hellion  
  27  2:49  SCV  
  30  2:53  Marauder  
  34  2:58  Marauder  
  34  3:00  Supply Depot  
  34  3:07  Hellion  
  36  3:14  Marauder  
  38  3:22  Marauder  
  38  3:26  Supply Depot  
  40  3:29  Hellion  
  42  3:36  Marauder  
  42  3:37  SCV  
  45  3:43  Marine  
  45  3:44  Stimpack  
  46  3:50  Refinery  
  46  3:57  Marine  
  46  4:01  Marine  
  48  4:05  Supply Depot  
  48  4:13  SCV  
  48  4:14  Marine  
  50  4:19  Marine  
  51  4:25  SCV  
  52  4:32  Marine  
  52  4:36  Marine  
  52  4:37  SCV  
  55  4:39  Barracks  
  55  4:42  Supply Depot  
  55  4:51  Marauder  
  57  4:54  Marine  
  58  5:03  Command Center  
  58  5:11  Marine  
  58  5:13  Marauder  
  61  5:27  Barracks Reactor  
  61  5:29  Factory Tech Lab, Marine  
  61  5:34  Marauder  
  64  5:39  Supply Depot  
  64  5:47  Marine  
  65  5:51  Siege Tank  
  65  5:55  Marine  
  69  6:02  Supply Depot  
  69  6:05  Marauder  
  69  6:06  Combat Shield  
  71  6:14  Engineering Bay  
  71  6:23  Siege Tank  
  71  6:24  SCV  
  75  6:28  SCV  
  76  6:36  SCV  
  77  6:40  SCV, Terran Infantry Weapons Level 1  
  78  6:48  SCV  
  78  6:52  SCV  
  80  6:55  Siege Tank  
  80  7:00  SCV  
  84  7:04  SCV  
  84  7:05  Engineering Bay  
  85  7:13  SCV  
  85  7:15  Refinery  
  86  7:16  SCV  
  86  7:20  Supply Depot  
  87  7:23  Armory  
  87  7:25  SCV  
  87  7:27  Siege Tank  
  91  7:30  SCV  
  91  7:31  Terran Infantry Armor Level 1  
  93  7:37  SCV  
  93  7:42  SCV  
  94  7:49  SCV  
  94  7:51  Refinery  
  95  7:54  SCV  
  96  8:01  SCV  
  97  8:06  SCV  
  97  8:07  Armory  
  97  8:09  Supply Depot  
  97  8:10  Terran Vehicle And Ship Armor Level 1  
  98  8:13  SCV  
  98  8:17  Missile Turret  
  98  8:18  SCV  
  100  8:21  Missile Turret  
  100  8:31  Orbital Command, Barracks  
  97  8:35  Starport  
  97  8:39  Marine x2  
  83  8:41  Marine  
  83  8:43  Marine  
  81  8:56  Marine  
  81  8:59  Marine  
  81  9:00  Marine  
  81  9:01  Marine  
  85  9:08  Siege Tank  
  88  9:14  Command Center  
  88  9:15  Marauder  
  90  9:17  Starport Reactor, Marine  
  91  9:26  Marine  
  91  9:27  Marine  
  91  9:29  Marine  
  94  9:35  Marauder  
  94  9:36  Marine  
  97  9:41  Siege Tank  
  97  9:44  Marine  
  101  9:47  Supply Depot  
  101  9:48  Terran Vehicle Weapons Level 1  
  101  9:49  Marine  
  102  9:53  Medivac  
  102  9:54  Marauder  
  102  9:55  Medivac  
  108  10:01  Terran Infantry Weapons Level 2  
  108  10:07  Missile Turret  
  108  10:14  Widow Mine  
  110  10:15  Supply Depot  
  110  10:23  Medivac  
  110  10:27  SCV  
  114  10:28  SCV  
  114  10:29  Factory  
  114  10:30  SCV  
  114  10:35  Widow Mine  
  117  10:39  SCV  
  117  10:41  SCV  
  119  10:43  SCV  
  119  10:49  Missile Turret  
  120  10:51  SCV  
  120  10:52  Missile Turret  
  120  10:53  SCV  
  120  10:55  SCV  
  120  10:56  Marauder  
  125  11:00  Marauder  
  125  11:03  Medivac, SCV  
  130  11:07  SCV  
  130  11:08  Supply Depot, Orbital Command  
  130  11:10  Marine  
  132  11:11  Marine  
  132  11:12  Marine  
  132  11:15  SCV  
  132  11:17  Marine  
  136  11:18  Viking  
  136  11:20  SCV  
  139  11:26  Marauder  
  139  11:27  SCV  
  139  11:32  SCV  
  143  11:33  Viking  
  143  11:34  Supply Depot  
  143  11:35  Marauder  
  143  11:36  Missile Turret  
  147  11:42  Terran Vehicle Weapons Level 2  
  147  11:48  Viking  
  149  11:54  Hi-Sec Auto Tracking  
  149  12:00  Factory Tech Lab, Starport  
  149  12:03  Viking, Missile Turret  
  149  12:04  Command Center  
  149  12:07  Supply Depot  
  151  12:18  Viking  
  153  12:27  Refinery  
  153  12:31  Supply Depot  
  153  12:33  Viking  
  153  12:35  Marine  
  156  12:37  Refinery, Starport Tech Lab  
  156  12:38  Marine x2  
  156  12:40  Marine  
  156  12:44  Missile Turret  
  159  12:46  Missile Turret  
  159  12:48  Missile Turret  
  159  12:50  Missile Turret  
  159  12:53  Barracks  
  159  12:55  Ghost Academy, Terran Infantry Weapons Level 3, Rapid Reignition System  
  159  12:57  Supply Depot, Raven  
  161  13:00  SCV x2  
  161  13:04  Medivac  
  165  13:16  SCV  
  165  13:17  SCV x3  
  165  13:19  Missile Turret  
  169  13:26  Ghost  
  169  13:29  SCV x2  
  169  13:30  SCV, Missile Turret  
  169  13:32  Barracks Tech Lab, Ghost, Missile Turret  
  176  13:36  Command Center  
  176  13:40  Raven  
  178  13:42  Planetary Fortress  
  178  13:46  Viking  
  180  13:50  Viking, Marauder  
  184  13:56  Marauder, Terran Ship Weapons Level 1  
  184  14:01  Marauder  
  184  14:02  Terran Vehicle Weapons Level 3  
  188  14:13  Marine  
  188  14:14  Marine  
  188  14:15  Marine  
  188  14:16  Marine  
  188  14:17  Marine, Personal Cloaking  
  192  14:19  Refinery  
  192  14:23  Marauder, Refinery  
  188  14:31  Marine  
  188  14:32  Siege Tank x2, Marine  
  188  14:33  Marine  
  188  14:35  Marauder x2  
  172  14:43  Viking  
  172  14:44  Marauder  
  172  14:45  Viking, Missile Turret  
  162  14:49  Marine  
  162  14:50  Refinery, Marine  
  162  14:51  Marine  
  163  14:56  Viking, Marine  
  163  14:57  Marauder  
  159  15:01  Planetary Fortress, Refinery  
  159  15:03  Missile Turret  
  159  15:04  Siege Tank  
  159  15:05  Marauder  
  159  15:06  Missile Turret  
  159  15:07  Marine  
  152  15:08  Marine  
  152  15:09  Marine  
  152  15:11  Siege Tank  
  146  15:14  Marauder  
  146  15:18  Marauder  
  135  15:24  Marine  
  135  15:25  Viking  
  135  15:26  Marine  
  135  15:27  Marauder, Marine  
  135  15:28  Viking  
  142  15:31  Viking  
  142  15:35  Marine  
  145  15:36  Siege Tank  
  145  15:39  Marauder  
  145  15:42  Marine  
  150  15:46  Terran Infantry Armor Level 2  
  150  15:48  Marauder  
  153  15:52  Marine x2  
  153  15:53  Marauder  
  153  15:55  Raven  
  135  15:57  Neosteel Armor  
  159  16:00  Marine  
  159  16:01  Marauder, Command Center  
  162  16:07  Viking  
  162  16:09  Ghost  
  162  16:10  Marine  
  167  16:15  Viking, Marauder  
  171  16:20  Liberator  
  171  16:21  Ghost  
  171  16:25  Liberator  
  173  16:30  Marine  
  173  16:31  Marine  
  175  16:33  Marine  
  175  16:36  Marauder  
  175  16:38  Marine  
  182  16:42  Terran Ship Weapons Level 2  
  182  16:46  Medivac  
  187  16:48  Marine  
  187  16:49  Marine  
  187  16:50  Ghost  
  187  16:53  Marine  
  192  16:54  Nuke  
  192  16:56  Marauder  
  192  16:57  Marine  
  192  17:00  Siege Tank  
  198  17:12  Planetary Fortress  
  198  17:15  Marauder  
  200  17:22  Missile Turret  
  200  17:33  Missile Turret  
  200  17:34  Command Center, Refinery  
  200  17:36  Missile Turret  
  200  17:39  Missile Turret  
  200  17:40  Terran Vehicle And Ship Armor Level 2  
  200  17:46  Marauder  
  200  17:47  Marauder  
  200  17:48  Marauder, Siege Tank  
  200  17:49  Siege Tank  
  200  17:50  Viking, Marine  
  194  17:51  Viking  
  194  17:52  Marine  
  194  17:53  Marine  
  134  18:07  Marine  
  134  18:08  Factory, Infernal Pre-Igniter, Marine  
  134  18:09  Marauder x2  
  134  18:13  Marine x2  
  135  18:21  Hellion, Siege Tank  
  135  18:25  Marine  
  135  18:26  Marauder  
  143  18:30  Marine  
  143  18:31  Marine x3  
  136  18:42  Hellion  
  136  18:43  Marine  
  136  18:46  Marine  
  136  18:47  Planetary Fortress, Marine  
  138  18:49  SCV  
  138  18:51  Widow Mine  
  138  18:53  Hellion  
  143  18:57  Missile Turret  
  143  19:00  Missile Turret  
  143  19:03  Raven  
  143  19:04  Hellion  
  143  19:06  Factory  
  147  19:12  Viking  
  147  19:13  Factory Tech Lab  
  147  19:14  Thor  
  149  19:25  Widow Mine  
  149  19:26  Viking  
  149  19:27  Marine  
  154  19:31  Ghost, Siege Tank  
  154  19:36  Ghost  
  161  19:42  Viking  
  163  19:46  Cyclone  
  163  19:49  Widow Mine  
  163  19:51  Marine x2  
  166  19:53  Marine  
  166  19:56  Marauder